Map: Frozen Temple

Players

Zeal

  • Race: Protoss Protoss
  • League: Grandmaster

Towelie - Winner!

  • Race: Zerg Zerg
  • League: Grandmaster

Event: Clash of the Clanless

VOD

Have the link to the VOD?

Description

Time

  • Played on: Aug. 20, 2016, 2:13 p.m.
  • Length: 6:48

All games in this series

Show
View Real Time Build Order
Export as new Build Order

Zeal Protoss 

Build Orders: Nexus First 

Get SALT Encoding   

  12  0:01  Probe (Chrono Boost)  
  13  0:11  Probe (Chrono Boost)  
  14  0:18  Pylon  
  14  0:22  Probe (Chrono Boost)  
  15  0:36  Probe (Chrono Boost)  
  16  0:47  Probe (Chrono Boost)  
  17  0:57  Nexus  
  17  1:07  Gateway  
  17  1:10  Probe (Chrono Boost)  
  18  1:16  Assimilator  
  18  1:21  Probe (Chrono Boost)  
  18  1:24  Assimilator  
  19  1:31  Probe (Chrono Boost)  
  20  1:36  Gateway  
  20  1:42  Probe (Chrono Boost)  
  21  1:52  Probe (Chrono Boost)  
  22  1:55  Cybernetics Core  
  22  2:03  Probe (Chrono Boost)  
  23  2:11  Probe (Chrono Boost)  
  23  2:13  Probe (Chrono Boost)  
  25  2:22  Probe (Chrono Boost)  
  26  2:24  Probe (Chrono Boost), Pylon  
  27  2:30  Adept  
  27  2:31  Warp Gate  
  27  2:34  Probe (Chrono Boost)  
  27  2:36  Stalker  
  30  2:42  Probe (Chrono Boost)  
  33  2:45  Probe (Chrono Boost)  
  34  2:53  Probe (Chrono Boost)  
  34  2:56  Probe (Chrono Boost)  
  36  3:01  Twilight Council  
  36  3:03  Probe (Chrono Boost)  
  37  3:06  Probe (Chrono Boost)  
  38  3:14  Robotics Facility, Probe (Chrono Boost)  
  38  3:17  Probe (Chrono Boost)  
  40  3:24  Probe (Chrono Boost)  
  41  3:27  Probe (Chrono Boost), Gateway  
  41  3:29  Gateway  
  41  3:32  Resonating Glaives  
  42  3:35  Gateway  
  42  3:42  Pylon  
  42  3:45  Pylon  
  40  3:49  Mothership Core (Chrono Boost)  
  40  3:52  Pylon  
  38  3:58  Adept  
  38  3:59  Adept  
  36  4:39  Adept x2  
  40  4:49  Adept x2  
  40  4:52  Probe (Chrono Boost)  
  45  4:57  Probe (Chrono Boost)  
  46  5:03  Probe (Chrono Boost)  
  46  5:05  Warp Prism  
  46  5:09  Probe (Chrono Boost)  
  50  5:15  Probe (Chrono Boost)  
  50  5:21  Probe (Chrono Boost)  
  51  5:25  Pylon  
  51  5:26  Pylon  
  51  5:27  Probe (Chrono Boost)  
  52  5:33  Adept  
  54  5:45  Probe x2 (Chrono Boost), Adept x3  
  54  5:46  Adept  
  64  5:55  Gateway  
  64  5:57  Gateway  
  64  5:59  Pylon  
  64  6:15  Adept x3  
  70  6:20  Adept x2  
  74  6:37  Adept  
  74  6:38  Adept x4  
Show
View Real Time Build Order
Export as new Build Order

Towelie Zerg - Winner!

Build Orders: Hatch First 

Get SALT Encoding   

  12  0:01  Drone  
  13  0:12  Overlord  
  13  0:17  Drone  
  14  0:31  Drone x2  
  14  0:35  Drone  
  17  0:51  Hatchery  
  17  0:55  Drone  
  17  0:58  Drone  
  18  1:09  Extractor  
  17  1:12  Spawning Pool  
  17  1:15  Drone  
  17  1:19  Drone  
  18  1:28  Drone  
  19  1:38  Drone  
  20  1:49  Overlord  
  20  1:59  Queen  
  22  2:03  Queen  
  22  2:04  Drone x2  
  26  2:08  Metabolic Boost  
  26  2:12  Drone  
  26  2:15  Drone  
  28  2:18  Evolution Chamber  
  28  2:21  Drone  
  28  2:26  Zergling x2  
  29  2:33  Zergling x2  
  30  2:38  Overlord, Queen  
  32  2:46  Zerg Melee Weapons Level 1  
  32  2:48  Zergling x4  
  34  2:57  Zergling x4  
  36  3:07  Zergling x2  
  36  3:08  Zergling x6  
  36  3:11  Overlord  
  40  3:19  Drone x4  
  44  3:30  Overlord  
  44  3:33  Drone  
  44  3:46  Drone  
  44  3:47  Drone x7  
  50  4:01  Hatchery  
  49  4:11  Drone x4  
  52  4:19  Overlord  
  52  4:33  Drone x3  
  54  4:40  Roach Warren, Extractor  
  54  4:41  Extractor  
  51  4:47  Drone x3  
  51  4:48  Drone x2  
  55  4:59  Overlord x3  
  54  5:01  Drone  
  54  5:03  Hatchery  
  51  5:09  Zergling x6  
  51  5:10  Zergling x6  
  57  5:16  Lair  
  57  5:17  Zergling x4  
  57  5:18  Zergling x2  
  60  5:24  Roach x2  
  60  5:25  Roach  
  66  5:32  Roach x3  
  72  5:36  Overlord x2  
  72  5:38  Roach x4  
  80  5:46  Roach  
  82  5:56  Drone  
  82  5:57  Drone x3  
  84  5:59  Roach x3  
  91  6:05  Roach x4  
  99  6:12  Roach  
  99  6:13  Roach x3  
  107  6:23  Zergling x8  
Tags
 
Add a new tag
Caveats
  • Supply blocks, unpowered buildings, or Contaminate may cause inaccurate times.
  • Supply counts are checked every 10 seconds.